 Dungeon Crawl Stone Soup version 0.31-a0-870-g10ed682358 (webtiles) character file.

Game seed: 14273362826510977343

238 BinkBink the Chopper (level 5, -5/48 HPs)
             Began as a Minotaur Berserker on Oct 11, 2023.
             Was a Believer of Trog.
             Splashed by a jelly's acid (7 damage)
             ... on level 3 of the Dungeon on Oct 12, 2023.
             The game lasted 00:03:23 (2304 turns).

BinkBink the Chopper (Minotaur Berserker)           Turns: 2304, Time: 00:03:25

Health: -5/48      AC: -11   Str: 24    XL:     5   Next: 78%
Magic:  4/4        EV: 11    Int:  4    God:    Trog [**....]
Gold:   115        SH:  0    Dex:  9    Spells: 4/4 levels left

rFire   . . .        a - +0 hand axe
rCold   . . .        (no shield)
rNeg    . . .        m - +0 troll leather armour {Pargi}
rPois   .            c - +1 hat
rElec   .            (no cloak)
rCorr   .            (no gloves)
SInv    .            (no boots)
Will    .....        (no amulet)
Stlth   +            (no ring)
HPRegen 1.08/turn    (no ring)
MPRegen 0.09/turn

%: no passive effects
@: corroded
A: horns 2, retaliatory headbutt
a: Renounce Religion, Berserk, Trog's Hand


You were on level 3 of the Dungeon.
You worshipped Trog.
Trog was pleased with you.
You visited 1 branch of the dungeon, and saw 3 of its levels.
You also visited: Sewer.

You collected 115 gold pieces.

Inventory:

Hand Weapons
 a - a +0 hand axe (weapon)
Armour
 c - a +1 hat (worn)
 m - a +0 troll leather armour (worn) {Pargi}
Scrolls
 b - a scroll of blinking {unknown}
 f - a scroll of butterflies {unknown}
 h - 2 scrolls of identify {unknown}
 i - a scroll of revelation {unknown}
 j - a scroll of acquirement {unknown}
 k - a scroll of teleportation {unknown}
 l - a scroll of fear {unknown}
 o - a scroll of enchant armour {unknown}
 q - a scroll of poison {unknown}
 r - a scroll of vulnerability {unknown}
Potions
 d - a potion of invisibility {unknown}
 e - 3 potions of heal wounds {unknown}
 g - a potion of enlightenment {unknown}
 n - a potion of brilliance {unknown}
 p - a potion of mutation {unknown}
 s - a potion of curing {unknown}


   Skills:
 + Level 5.4 Fighting
 * Level 6.8 Axes
 - Level 2.4 Armour
 - Level 2.1 Dodging


You had 4 spell levels left.
You didn't know any spells.
Your spell library was empty.

Dungeon Overview and Level Annotations

Branches:
Dungeon (3/15)              Sewer (visited)

Altars:
Dithmenos


Innate Abilities, Weirdness & Mutations

You have a pair of horns on your head.
You reflexively headbutt those who attack you in melee.


Message History

You completely miss the rat. You headbutt the rat.
You kill the rat!
Trog accepts your kill.
No target in view!
No target in view!
A jelly comes into view.
The jelly quivers.
A jelly is nearby!
A jelly is nearby!
The jelly hits you. The acid corrodes you!
You are splashed with acid!
You hit the jelly but do no damage.
Your hands burn!
You headbutt the jelly.
The jelly is moderately wounded.
The jelly closely misses you.
You hit the jelly. The acid corrodes you!
Your hands burn!
You headbutt the jelly, but do no damage.
The jelly is moderately wounded.
The jelly hits you.
You are splashed with acid!
You slash the jelly! The acid corrodes you!
Your hands burn!
The jelly is almost dead.
The jelly hits you.
You are splashed with acid!
* * * LOW HITPOINT WARNING * * *
You are too injured to fight recklessly!
You are too injured to fight recklessly!
You hit the jelly.
Your hands burn!
* * * LOW HITPOINT WARNING * * *
The jelly is almost dead.
The jelly misses you.
You barely miss the jelly.
The jelly is almost dead.
The jelly hits you.
* * * LOW HITPOINT WARNING * * *
You are splashed with acid.
* * * LOW HITPOINT WARNING * * *
You hit the jelly but do no damage. The acid corrodes you!
Your hands burn!
* * * LOW HITPOINT WARNING * * *
The jelly is almost dead.
The jelly hits you.
* * * LOW HITPOINT WARNING * * *
The acid corrodes you!
You are splashed with acid!
You die...

####### #.....#
#.....###########
#...............# ##
#....@..........######
.#
#...J.#....†..........
.#
........####...#####.#..
.# ##.######
##........#.. .# #.
#.......##.# .# #. #.#
#.###......# .# #. #.#
#.# #....... .# #.##.###
#.###.##...# .#
#..#...#####
#.##..##....


You could see a jelly.

Vanquished Creatures
  Pargi (Sewer)
  6 adders
  3 worms
  4 dart slugs
  4 orcs (D:3)
  4 endoplasms
  3 giant cockroaches
  7 goblins
  5 hobgoblins
  5 jackals (D:3)
  3 quokkas
  3 ball pythons
  7 bats
  9 frilled lizards
  3 kobolds
  A rat (D:3)
68 creatures vanquished.

Notes
Turn   | Place    | Note
-------+----------+-------------------------------------------
     0 | D:1      | BinkBink the Minotaur Berserker began the quest for the
                  | Orb.
     0 | D:1      | Reached XP level 1. HP: 19/19 MP: 0/0
   138 | D:1      | Reached skill level 4 in Axes
   173 | D:1      | Reached XP level 2. HP: 25/27 MP: 1/1
   940 | D:2      | Reached XP level 3. HP: 31/33 MP: 2/2
  1011 | D:2      | Reached skill level 5 in Axes
  1274 | D:2      | Reached XP level 4. HP: 34/41 MP: 3/3
  1610 | D:3      | Found a glowing drain.
  1620 | Sewer    | Entered a sewer
  1648 | Sewer    | Reached ** piety under Trog
  1653 | Sewer    | Noticed Pargi
  1675 | Sewer    | Killed Pargi
  1676 | Sewer    | Reached skill level 5 in Fighting
  1676 | Sewer    | Reached skill level 6 in Axes
  1676 | Sewer    | Reached XP level 5. HP: 20/48 MP: 4/4
  2063 | D:3      | Found a shadowy altar of Dithmenos.
  2304 | D:3      | HP: 2/48 [acid (2)]
  2304 | D:3      | Splashed by a jelly's acid

Illustrated notes

Levels and vault maps discovered:
D:1:      sevenhm_arrival_forest_fort_large_4, layout_loops_ring
D:2:      layout_basic, minmay_pentomino_v2
D:3:      layout_rooms, nicolae_dithmenos_the_darkroom, serial_glass,
          glass_columns_b, glass_columns_a, cheibrodos_sewer_entry_sluice

Skill      XL: |  1  2  3  4 |
---------------+-------------+-----
Axes           | 4 5 6 |  6.8
Fighting       | 4 5 |  5.4
Armour         | |  2.4
Dodging        | |  2.1

Action                     |  1- 3 |  4- 6 || total
---------------------------+-------+-------++-------
  Melee: Hand axe          |    66 |    96 ||   162
         Headbutt          |     9 |    12 ||    21
         Punch             |     2 |       ||     2
 Armour: Animal skin       |    42 |    31 ||    73
         Troll leather arm |       |    39 ||    39
  Dodge: Dodged            |    44 |    58 ||   102

Table legend: (Time is in decaauts)
 A = Elapsed time spent in this place.
 B = Non-inter-level travel time spent in this place.
 C = Inter-level travel time spent in this place.
 D = Time resting spent in this place.
 E = Time spent auto-exploring this place.
 F = Levels seen in this place.
 G = Mean time per level.
                   A        B        C        D        E       F      G
               +--------+--------+--------+--------+--------+-----+--------+
         Total |   2361 |   2303 |     58 |    148 |   1688 |   4 |  590.2 |
       Dungeon |   1962 |   1904 |     58 |     54 |   1528 |   3 |  654.0 |
         Sewer |    398 |    398 |      0 |     94 |    160 |   1 |  398.0 |
               +--------+--------+--------+--------+--------+-----+--------+

Top non-repeatable levels by time:
     D:2: 828 daAuts
     D:1: 785 daAuts
   Sewer: 398 daAuts
     D:3: 348 daAuts
